3AA
BATTLE GROUND AEROS @ ATLANTIC CITY SONICS
08/22/2021
 
TOP OF THE 1ST
Battle Ground Aeros batting - Pitching for Atlantic City Sonics : RHP Jason Ackerman
Pitching: RHP Jason Ackerman
Batting: RHB Raúl Guerrero 0-0: SINGLE (Groundball, 6MD)
Batting: RHB Jim Unknown 0-0: Ball
1-0: Called Strike
1-1: Ball
2-1: Called Strike
2-2: Strikes out looking
Batting: LHB Jim Unknown 0-0: Ground out 5-3 (Groundball, 56S)
Raúl Guerrero to second
Batting: RHB Jim Unknown 0-0: Swinging Strike
0-1: SINGLE (Groundball, 5D)
Raúl Guerrero to third
Runner from 3rd tries for Home, SAFE, no throw or cutoff
Batting: RHB Jorge Rivera 0-0: Ball
1-0: Fly out, F4 (Popup, 34)
Top of the 1st over - 1 run(s), 2 hit(s), 0 error(s), 1 left on base; Battle Ground 1 - Atlantic City 0
BOTTOM OF THE 1ST
Atlantic City Sonics batting - Pitching for Battle Ground Aeros : RHP Job Poppe
Pitching: RHP Job Poppe
Batting: LHB Mark Evans 0-0: Ball
1-0: Ball
2-0: Ball
3-0: Base on Balls
Batting: RHB Patrizio Vanali 0-0: Ball
1-0: Ball
2-0: Foul Ball, location: 2F
2-1: Called Strike
2-2: Ball
3-2: Strikes out looking
Batting: RHB Bartolo Morales 0-0: Ball
1-0: Ball
2-0: Swinging Strike
2-1: Ball
3-1: Called Strike
Mark Evans steals 2nd base
3-2: Base on Balls
Batting: LHB Héctor Torres 0-0: Ball
1-0: Swinging Strike
1-1: SINGLE (Groundball, 56S)
Mark Evans to third
Bartolo Morales to second
Runner from 3rd tries for Home, throw and OUT!
Batting: RHB Martín Álvarez 0-0: Ball
1-0: Called Strike
1-1: Foul Ball, location: 2F
1-2: Ball
2-2: Ball
3-2: Base on Balls
Bartolo Morales to third
Héctor Torres to second
Batting: RHB Stephen Blair 0-0: Called Strike
0-1: Ball
1-1: Ball
2-1: Ball
3-1: Foul Ball, location: 2F
3-2: Foul Ball, location: 2F
3-2: Foul Ball, location: 2F
3-2: Base on Balls
Bartolo Morales scores
Héctor Torres to third
Martín Álvarez to second
Batting: LHB Kip Burks 0-0: Foul Ball, location: 2F
0-1: Fly out, F7 (Flyball, 78S)
Bottom of the 1st over - 1 run(s), 1 hit(s), 0 error(s), 3 left on base; Battle Ground 1 - Atlantic City 1
TOP OF THE 2ND
Battle Ground Aeros batting - Pitching for Atlantic City Sonics : RHP Jason Ackerman
Batting: RHB Jim Unknown 0-0: Called Strike
0-1: Ball
1-1: Ground out 6-3 (Groundball, 6M)
Batting: RHB Jim Unknown 0-0: Foul Ball, location: 2F
0-1: Ball
1-1: Foul Ball, location: 2F
1-2: Strikes out swinging
Batting: RHB Jim Unknown 0-0: Ball
1-0: Called Strike
1-1: Foul Ball, location: 2F
1-2: Ball
2-2: Ball
3-2: Foul Ball, location: 2F
3-2: Base on Balls
Batting: RHB Artie Miller 0-0: Called Strike
0-1: Ball
1-1: Ball
2-1: Called Strike
2-2: Foul Ball, location: 2F
2-2: Foul Ball, location: 2F
2-2: Strikes out swinging
Top of the 2nd over - 0 run(s), 0 hit(s), 0 error(s), 1 left on base; Battle Ground 1 - Atlantic City 1
BOTTOM OF THE 2ND
Atlantic City Sonics batting - Pitching for Battle Ground Aeros : RHP Job Poppe
Batting: RHB Brad Jacobson 0-0: Foul Ball, location: 2F
0-1: Foul Ball, location: 2F
0-2: Foul Ball, location: 2F
0-2: Foul Ball, location: 2F
0-2: Ground out 1-3 (Groundball, 13)
Batting: RHB Robbie Chambers 0-0: Ground out 6-3 (Groundball, 6)
Batting: LHB Mark Evans 0-0: Foul Ball, location: 2F
0-1: Foul Ball, location: 2F
0-2: Ball
1-2: Ball
2-2: Ball
3-2: Foul Ball, location: 2F
3-2: SINGLE (Line Drive, 89S)
Batting: RHB Patrizio Vanali 0-0: DOUBLE (Line Drive, 9LS)
Mark Evans to third
Runner from 3rd tries for Home, SAFE, no throw or cutoff
Batting: RHB Bartolo Morales 0-0: Foul Ball, location: 2F
0-1: Called Strike
0-2: Strikes out swinging
Bottom of the 2nd over - 1 run(s), 2 hit(s), 0 error(s), 1 left on base; Battle Ground 1 - Atlantic City 2
TOP OF THE 3RD
Battle Ground Aeros batting - Pitching for Atlantic City Sonics : RHP Jason Ackerman
Batting: RHB Raúl Guerrero 0-0: Called Strike
0-1: Called Strike
0-2: Ground out 6-3 (Groundball, 6)
Batting: RHB Jim Unknown 0-0: Foul Ball, location: 2F
0-1: Called Strike
0-2: Ball
1-2: Foul Ball, location: 2F
1-2: Ball
2-2: Ball
3-2: Fly out, F3 (Popup, 3F)
Batting: LHB Jim Unknown 0-0: Called Strike
0-1: SOLO HOME RUN (Flyball, 9LD), Distance : 333 ft
Batting: RHB Jim Unknown 0-0: Called Strike
0-1: Ground out 6-3 (Groundball, 6)
Top of the 3rd over - 1 run(s), 1 hit(s), 0 error(s), 0 left on base; Battle Ground 2 - Atlantic City 2
BOTTOM OF THE 3RD
Atlantic City Sonics batting - Pitching for Battle Ground Aeros : RHP Job Poppe
Batting: LHB Héctor Torres 0-0: Ball
1-0: Called Strike
1-1: Foul Ball, location: 2F
1-2: Ball
2-2: Strikes out swinging
Batting: RHB Martín Álvarez 0-0: Ball
1-0: Ball
2-0: Called Strike
2-1: Ground out 1-3 (Groundball, 25)
Batting: RHB Stephen Blair 0-0: SINGLE (Line Drive, 89S)
Batting: LHB Kip Burks 0-0: Ball
Stephen Blair is caught stealing 2nd base
Bottom of the 3rd over - 0 run(s), 1 hit(s), 0 error(s), 0 left on base; Battle Ground 2 - Atlantic City 2
TOP OF THE 4TH
Battle Ground Aeros batting - Pitching for Atlantic City Sonics : RHP Jason Ackerman
Batting: RHB Jorge Rivera 0-0: Foul Ball, location: 2F
0-1: Ball
1-1: Foul Ball, location: 2F
1-2: Ball
2-2: Foul Ball, location: 2F
2-2: Fly out, F8 (Flyball, 8LM)
Batting: RHB Jim Unknown 0-0: Called Strike
0-1: Fly out, F2 (Popup, 2LF)
Batting: RHB Jim Unknown 0-0: Ball
1-0: Foul Ball, location: 2F
1-1: Swinging Strike
1-2: Strikes out looking
Top of the 4th over - 0 run(s), 0 hit(s), 0 error(s), 0 left on base; Battle Ground 2 - Atlantic City 2
BOTTOM OF THE 4TH
Atlantic City Sonics batting - Pitching for Battle Ground Aeros : RHP Job Poppe
Batting: LHB Kip Burks 0-0: Ball
1-0: Called Strike
1-1: Foul Ball, location: 2F
1-2: Fly out, F7 (Flyball, 7LMF)
Batting: RHB Brad Jacobson 0-0: Ball
1-0: Called Strike
1-1: Fly out, F6 (Popup, 6MS)
Batting: RHB Robbie Chambers 0-0: Ball
1-0: Ball
2-0: SINGLE (Groundball, 15S) (infield hit)
Batting: LHB Mark Evans 0-0: Called Strike
Robbie Chambers steals 2nd base
0-1: Called Strike
0-2: Fly out, F9 (Flyball, 89S)
Bottom of the 4th over - 0 run(s), 1 hit(s), 0 error(s), 1 left on base; Battle Ground 2 - Atlantic City 2
TOP OF THE 5TH
Battle Ground Aeros batting - Pitching for Atlantic City Sonics : RHP Jason Ackerman
Batting: RHB Jim Unknown 0-0: Ground out 5-3 (Groundball, 5S)
Batting: RHB Artie Miller 0-0: Ball
1-0: Ball
2-0: Swinging Strike
2-1: Foul Ball, location: 2F
2-2: Strikes out swinging
Batting: RHB Raúl Guerrero 0-0: Ball
1-0: Called Strike
1-1: Ball
2-1: Fly out, F8 (Flyball, 8RM)
Top of the 5th over - 0 run(s), 0 hit(s), 0 error(s), 0 left on base; Battle Ground 2 - Atlantic City 2
BOTTOM OF THE 5TH
Atlantic City Sonics batting - Pitching for Battle Ground Aeros : RHP Job Poppe
Batting: RHB Patrizio Vanali 0-0: Foul Ball, location: 2F
0-1: Ball
1-1: SINGLE (Groundball, 34S)
Batting: RHB Bartolo Morales 0-0: Swinging Strike
0-1: Ground out 5-3 (Groundball, 56S)
Patrizio Vanali to second
Batting: LHB Héctor Torres 0-0: Intentional Walk
Batting: RHB Martín Álvarez 0-0: Ball
1-0: Called Strike
Patrizio Vanali steals 3rd base
Héctor Torres to second
1-1: Ball
2-1: Swinging Strike
2-2: Foul Ball, location: 2F
2-2: Ground out 4-3 (Groundball, 4)
Patrizio Vanali scores
Héctor Torres to third
Batting: RHB Stephen Blair 0-0: Ball
1-0: Ball
2-0: Swinging Strike
2-1: Ball
3-1: Ground out 6-3 (Groundball, 6)
Bottom of the 5th over - 1 run(s), 1 hit(s), 0 error(s), 1 left on base; Battle Ground 2 - Atlantic City 3
TOP OF THE 6TH
Battle Ground Aeros batting - Pitching for Atlantic City Sonics : RHP Jason Ackerman
Batting: RHB Jim Unknown 0-0: Ball
1-0: Ball
2-0: Foul Ball, location: 2F
2-1: Ball
3-1: Foul Ball, location: 2F
3-2: Strikes out swinging
Batting: LHB Jim Unknown 0-0: Ball
1-0: Ball
2-0: Ball
3-0: Base on Balls
Batting: RHB Jim Unknown 0-0: Foul Ball, location: 2F
0-1: Swinging Strike
0-2: Strikes out looking
Batting: RHB Jorge Rivera 0-0: Called Strike
0-1: Ball
1-1: Ball
2-1: Fielders Choice at 2nd, U6 (Groundball, 6M)
Top of the 6th over - 0 run(s), 0 hit(s), 0 error(s), 1 left on base; Battle Ground 2 - Atlantic City 3
BOTTOM OF THE 6TH
Atlantic City Sonics batting - Pitching for Battle Ground Aeros : RHP Job Poppe
Batting: LHB Kip Burks 0-0: Called Strike
0-1: Called Strike
0-2: Ball
1-2: Foul Ball, location: 2F
1-2: Ball
2-2: Strikes out swinging
Batting: RHB Brad Jacobson 0-0: Foul Ball, location: 2F
0-1: Ball
1-1: Swinging Strike
1-2: Ball
2-2: Fly out, F8 (Flyball, 8RXD)
Batting: RHB Robbie Chambers 0-0: Foul Ball, location: 2F
0-1: Ball
1-1: Ball
2-1: Fly out, F7 (Line Drive, 7S)
Bottom of the 6th over - 0 run(s), 0 hit(s), 0 error(s), 0 left on base; Battle Ground 2 - Atlantic City 3
TOP OF THE 7TH
Battle Ground Aeros batting - Pitching for Atlantic City Sonics : RHP Jason Ackerman
Batting: RHB Jim Unknown 0-0: Ball
1-0: Ball
2-0: Called Strike
2-1: Ball
3-1: Ground out 4-3 (Groundball, 34)
Batting: RHB Jim Unknown 0-0: Ball
1-0: Swinging Strike
1-1: SINGLE (Groundball, 6MD)
Batting: RHB Jim Unknown 0-0: Ball
1-0: Ball
2-0: Ball
3-0: Called Strike
3-1: Base on Balls
Jim Unknown to second
Batting: RHB Artie Miller 0-0: Called Strike
0-1: Ground out 4-3 (Groundball, 4M)
Jim Unknown to third
Jim Unknown to second
Batting: RHB Raúl Guerrero 0-0: Swinging Strike
0-1: Fly out, F3 (Popup, 3L)
Top of the 7th over - 0 run(s), 1 hit(s), 0 error(s), 2 left on base; Battle Ground 2 - Atlantic City 3
BOTTOM OF THE 7TH
Atlantic City Sonics batting - Pitching for Battle Ground Aeros : RHP Job Poppe
Batting: LHB Mark Evans 0-0: Ball
1-0: Ball
2-0: Called Strike
2-1: SINGLE (Groundball, 34D)
Pitching: RHP Jen-djieh Si
Batting: RHB Patrizio Vanali 0-0: Sac Bunt - play at first, batter safe!
Mark Evans to second
Batting: RHB Bartolo Morales 0-0: Called Strike
0-1: Fielders Choice at 2nd, 5-4 (Groundball, 56)
Mark Evans to third
Batting: LHB Héctor Torres 0-0: Ball
1-0: Foul Ball, location: 2F
1-1: Ball
2-1: SINGLE (Groundball, 56) (infield hit)
Mark Evans scores
Bartolo Morales to second
Batting: RHB Martín Álvarez 0-0: Grounds into double play, 4-6-3 (Groundball, 4)
Bottom of the 7th over - 1 run(s), 3 hit(s), 0 error(s), 1 left on base; Battle Ground 2 - Atlantic City 4
TOP OF THE 8TH
Battle Ground Aeros batting - Pitching for Atlantic City Sonics : RHP Jason Ackerman
Batting: RHB Jim Unknown 0-0: Ball
1-0: Called Strike
1-1: Foul Ball, location: 2F
1-2: Ground out 4-3 (Groundball, 4)
Batting: LHB Jim Unknown 0-0: Foul Ball, location: 2F
0-1: Swinging Strike
0-2: SINGLE (Flyball, 8LS)
Batting: RHB Jim Unknown 0-0: Ball
1-0: SINGLE (Line Drive, 6M)
Jim Unknown to second
Batting: RHB Jorge Rivera 0-0: Ball
1-0: Ball
2-0: Swinging Strike
2-1: Ball
3-1: Foul Ball, location: 2F
3-2: Base on Balls
Jim Unknown to third
Jim Unknown to second
Batting: RHB Jim Unknown 0-0: Grounds into double play, U4-3 (Groundball, 4)
Top of the 8th over - 0 run(s), 2 hit(s), 0 error(s), 2 left on base; Battle Ground 2 - Atlantic City 4
BOTTOM OF THE 8TH
Atlantic City Sonics batting - Pitching for Battle Ground Aeros : RHP Jen-djieh Si
Batting: RHB Stephen Blair 0-0: Fly out, F9 (Flyball, 9M)
Batting: LHB Kip Burks 0-0: Called Strike
0-1: Ball
1-1: Foul Ball, location: 2F
1-2: Strikes out swinging
Batting: RHB Brad Jacobson 0-0: Ball
1-0: SINGLE (Groundball, 6MD)
Batting: RHB Robbie Chambers 0-0: Called Strike
0-1: Foul Ball, location: 2F
0-2: Fly out, F9 (Flyball, 9M)
Bottom of the 8th over - 0 run(s), 1 hit(s), 0 error(s), 1 left on base; Battle Ground 2 - Atlantic City 4
TOP OF THE 9TH
Battle Ground Aeros batting - Pitching for Atlantic City Sonics : RHP Jason Ackerman
Now at C: Steven Johnson
Now at 1B: David Snyder
Now in CF: Marty Hayden
Batting: RHB Jim Unknown 0-0: Called Strike
0-1: Swinging Strike
0-2: Ball
1-2: Ball
2-2: Fly out, F9 (Flyball, 9M)
Batting: RHB Jim Unknown 0-0: Ball
1-0: SOLO HOME RUN (Flyball, 7D), Distance : 395 ft
Pitching: RHP Bernardo Valdés
Batting: RHB Artie Miller 0-0: Called Strike
0-1: SINGLE (Groundball, 6)
Batting: RHB Raúl Guerrero 0-0: Ball
1-0: Ball
2-0: Called Strike
2-1: Ball
3-1: Called Strike
3-2: Fly out, F7 (Line Drive, 7M)
Batting: RHB Jim Unknown 0-0: Ball
1-0: Called Strike
1-1: Reached on error, E5 (Groundball, 5L)
Artie Miller to second
Pinch Runner at 2nd Jim Unknown:
Batting: LHB Jim Unknown 0-0: Ball
1-0: Foul Ball, location: 2F
1-1: Foul Ball, location: 2F
1-2: Strikes out swinging
Top of the 9th over - 1 run(s), 2 hit(s), 1 error(s), 2 left on base; Battle Ground 3 - Atlantic City 4
This league is powered by Out of the Park Baseball, the baseball management simulation game for PC, Mac and Linux
Friday, January 22nd, 2016 - OOTP Baseball 16.9 Build 39